 Dungeon Crawl Stone Soup version 0.28.0 (webtiles) character file.

Game seed: 4465191446869571073

53 PupperPawz the Grave Robber (level 3, 0/24 HPs)
             Began as a Vampire Necromancer on Feb 5, 2022.
             Slain by a hobgoblin (2 damage)
             ... led by Robin
             ... on level 2 of the Dungeon.
             The game lasted 00:40:51 (3502 turns).

PupperPawz the Grave Robber (Vampire Necromancer)   Turns: 3502, Time: 00:40:52

Health: 0/24       AC: 21    Str:  5 (7)  XL:     3   Next: 64%
Magic:  0/6        EV:  2    Int: 17 (19) God:
Gold:   16         SH:  0    Dex: 12 (14) Spells: 4/6 levels left

rFire   . . .      SeeInvis +   d - +2 dagger (speed)
rCold   . . .      Faith    .   (no shield)
rNeg    . . .      Spirit   .   (armour currently unavailable)
rPois   +          Reflect  .   (helmet currently unavailable)
rElec   .          Harm     .   (cloak currently unavailable)
rCorr   .          Rampage  .   (gloves currently unavailable)
Will    .....      NoTele   +   (boots currently unavailable)
Stlth   ++........              (no amulet)
HPRegen 0.28/turn               b - ring of flight
MPRegen 0.10/turn               (no ring)

@: tree-form, healing quickly
A: stationary, stasis, torment immunity, boosted hp, alive, (fangs 3), see
invisible, vampiric 2, [frail 3]
a: Exsanguinate


You were on level 2 of the Dungeon.
You were a tree.
You visited 1 branch of the dungeon, and saw 2 of its levels.

You collected 16 gold pieces.

Inventory:

Hand Weapons
 d - a +2 dagger of speed (weapon)
Armour
 a - a +0 robe (melded)
Jewellery
 b - a ring of flight (left branch)


   Skills:
 + Level 0.1 Fighting
 + Level 2.2 Dodging
 + Level 3.9 Stealth
 + Level 0.2 Unarmed Combat
 + Level 2.4 Spellcasting
 + Level 5.2 Necromancy


You had 4 spell levels left.
You knew the following spells:

 Your Spells              Type           Power      Damage    Failure   Level
a - Pain                  Necr           80%        1d8       2%          1
b - Animate Skeleton      Necr           40%        N/A       2%          1

Your spell library contained the following spells:

 Spells                   Type           Power      Damage    Failure   Level
 Vampiric Draining        Necr           20%        2d7       6%          3
 Animate Dead             Necr           10%        N/A       22%         4
 Agony                    Necr           20%        N/A       52%         5


Dungeon Overview and Level Annotations

Branches:
Dungeon (2/15)

Altars:


Innate Abilities, Weirdness & Mutations

You are a tree.
Your roots penetrate the ground, keeping you stationary.
You cannot be teleported.
You are immune to unholy pain and torment.
Your maximum health is greatly increased.
Your equipment is partially melded.
Your natural rate of healing is accelerated.
((You have razor-sharp teeth.))
You have supernaturally acute eyesight. (SInv)
You are afflicted with vampirism and can become a bat while bloodless.
[You are extremely frail. (-30% HP)]


Message History

The hobgoblin hits you but does no damage. x2
Robin hits the hobgoblin with a +0 dagger.
The hobgoblin dies!
Casting: Animate Skeleton (safe; 2% risk of failure)
Confirm with . or Enter, or press ? or * to list all spells.
You don't have enough magic to cast this spell.
Okay, then.
Okay, then.
You cannot move.
You are too injured to fight recklessly!
You are too injured to fight recklessly!
You are too injured to fight recklessly!
You are too injured to fight recklessly!
You are too injured to fight recklessly!
You are too injured to fight recklessly!
You are too injured to fight recklessly!
You are too injured to fight recklessly!
You cannot move.
You cannot move.
You cannot move.
You cannot move.
What are your orders? t - Creak!
Orders for allies: a - Attack new target. r - Retreat! s - Stop attacking. g - Guard the area. f - Follow me.
Anything else - Cancel.
Gang up on whom?
Press: ? - help, Dir - move target, f - hobgoblin
Aim: a hobgoblin Attack!
The hobgoblin barely misses you. x2
You hit the hobgoblin.
The hobgoblin is moderately wounded.
The hobgoblin hits you but does no damage. x2
You hit the hobgoblin but do no damage.
The hobgoblin is moderately wounded.
You hit the hobgoblin. Your punch misses the hobgoblin.
The hobgoblin is heavily wounded.
The hobgoblin hits you.
You die...

...##g# ...##g#
...##.# ...##.#
....#g#######
....'gg..)).###♣♣
....#######..#..♣♣
....# #......♣♣
..### ##...Z♣)♣
..# ###.gg♣)♣ ..#
##♣♣♣ ♣ ..# ###


You could see 2 hobgoblins and the friendly Robin the hobgoblin skeleton.

Vanquished Creatures
  Robin (D:2)
  A dart slug (D:1)
  3 bats (D:1)
  3 endoplasms
  2 giant cockroaches (D:1)
  6 goblins
  6 hobgoblins
  4 kobolds
  2 quokkas
  A ball python (D:1)
  4 frilled lizards
  4 rats
37 creatures vanquished.

Vanquished Creatures (collateral kills)
  A hobgoblin (D:2)
1 creature vanquished.

Grand Total: 38 creatures vanquished

Notes
Turn   | Place    | Note
-------+----------+-------------------------------------------
     0 | D:1      | PupperPawz the Vampire Necromancer began the quest for the
                  | Orb.
     0 | D:1      | Reached XP level 1. HP: 13/13 MP: 3/3
   286 | D:1      | Learned a level 1 spell: Animate Skeleton
   913 | D:1      | Reached XP level 2. HP: 15/15 MP: 1/5
  1404 | D:1      | Reached skill level 5 in Necromancy
  2806 | D:1      | Gained mutation: You are afflicted with vampirism and can
                  | become a bat while bloodless. [Vampire growth]
  2806 | D:1      | Reached XP level 3. HP: 14/14 MP: 6/6
  3121 | D:1      | Found a faded altar of an unknown god.
  3121 | D:1      | Noticed a green death
  3438 | D:2      | Noticed Robin
  3485 | D:2      | Killed Robin
  3498 | D:2      | HP: 1/24 [hobgoblin[Robin] (4)]
  3502 | D:2      | Slain by a hobgoblin

Illustrated notes

Levels and vault maps discovered:
D:1:      dpeg_arrival_morbid_curiosity, layout_basic, serial_curves,
          eino_curves_03, eino_curves_03,
          dreamdust_ecumenical_altar_sealed_demon, chequers_avenue
D:2:      layout_basic, uniq_robin, uniq_crazy_yiuf_cottage

Skill      XL: |  1  2 |
---------------+-------+-----
Necromancy     | 5 |  5.2
Fighting       | |  0.1
Dodging        | |  2.2
Stealth        | |  3.9
Unarmed Combat | |  0.2
Spellcasting   | |  2.4

Action                   || total
-------------------------++-------
Melee: Unarmed           ||     7
       Dagger            ||    29
       Bite              ||     2
       Punch             ||     1
 Cast: Pain              ||    51
       Animate Skeleton  ||     4
 Abil: Exsanguinate      ||     4
       Revivify          ||     3
       End Transformatio ||     1
       Bat Form          ||     1
  Use: Scroll            ||     2
       Potion            ||     2
 Stab: Sleeping          ||     2
Armor: Robe              ||    11
       Skin              ||    40
Dodge: Dodged            ||    74
